 Dungeon Crawl Stone Soup version 0.27-a0-1501-g9d6fb14e67 (webtiles) character file.

Game seed: 9881734012187933182

1472 Lekart the Slasher (level 8, 0/56 (68) HPs)
             Began as a White Draconian Chaos Knight on July 7, 2021.
             Was a Plaything of Xom.
             Slain by a wight (2 damage)
             ... on level 6 of the Dungeon.
             The game lasted 00:08:38 (6562 turns).

Lekart the Slasher (White Draconian Chaos Knight)   Turns: 6562, Time: 00:08:39

HP:   0/56 (68)     AC: 12    Str: 14    XL:     8   Next: 49%
MP:   13/13         EV: 13    Int: 13    God:    Xom [.*....]
Gold: 165           SH:  6    Dex: 13    Spells: 14/14 levels left

rFire    . . .     SeeInvis .   h - +2 war axe (freeze)
rCold    + . .     Faith    .   r - +2 buckler
rNeg     . . .     Spirit   .   (armour unavailable)
rPois    .         Reflect  .   (helmet restricted)
rElec    .         Harm     .   j - +1 cloak
rCorr    .         Rampage  .   d - +0 pair of gloves
Will     .....     Clarity  +   l - +2 pair of boots {Fly}
Stlth    +.........             (no amulet)
HPRegen  0.18/turn              (no ring)
MPRegen  0.13/turn              (no ring)

@: unable to read, flying, heavily drained
A: breathe frost, AC +6, unfitting armour, cold resistance 1, cold-blooded,
stinger 1, clarity, mutation resistance 2, sense surroundings 1, screaming 2,
inability to read while threatened
a: Breathe Frost, Renounce Religion


You were on level 6 of the Dungeon.
You worshipped Xom.
You were a plaything of Xom.
You visited 2 branches of the dungeon, and saw 7 of its levels.

You collected 281 gold pieces.
You spent 116 gold pieces at shops.

Inventory:

Hand Weapons
 a - a +0 falchion of chaos
 h - a +2 war axe of freezing (weapon)
Missiles
 e - 97 stones (quivered)
Armour
 d - a +0 pair of gloves (worn)
 j - a +1 cloak (worn)
 l - a +2 pair of boots of flying (worn)
 r - a +2 buckler (worn)
Wands
 k - a wand of iceblast (3)
 s - a wand of paralysis (7)
Scrolls
 n - 2 scrolls of magic mapping
 o - 2 scrolls of fear
 p - 2 scrolls of teleportation
Potions
 c - 3 potions of brilliance
 i - 2 potions of ambrosia
 m - a potion of mutation {unknown}
 q - a potion of attraction {unknown}


   Skills:
 + Level 5.1 Fighting
 + Level 5.4 Long Blades
 + Level 2.9 Axes
 + Level 3.5 Throwing
 + Level 5.0 Dodging
 + Level 1.1 Shields
 * Level 3.9 Spellcasting
 + Level 0.8 Evocations


You had 14 spell levels left.
You didn't know any spells.
Your spell library contained the following spells:

 Spells                   Type           Power      Damage    Failure   Level
 Corpse Rot               Necr/Air       N/A        N/A       43%         2
 Call Canine Familiar     Summ           2%         N/A       67%         3
 Portal Projectile        Hex/Tloc       4%         N/A       67%         3
 Dispel Undead            Necr           2%         3d7       97%         4
 Leda's Liquefaction      Hex/Erth       1%         N/A       97%         4
 Death Channel            Necr           1%         N/A       100%        6


Dungeon Overview and Level Annotations

Branches:
Dungeon (6/15)             Temple (1/1) D:5

Altars:
Ashenzari
Cheibriados
Dithmenos
Elyvilon
Fedhas
Gozag
Hepliaklqana
Kikubaaqudgha
Makhleb
Nemelex Xobeh
Okawaru
Qazlal
Ru
Sif Muna
Trog
Uskayaw
Vehumet
Wu Jian
Xom
Yredelemnul
Zin
The Shining One

Shops:
D:2 ?:   D:3 ?


Innate Abilities, Weirdness & Mutations

You can breathe waves of freezing cold which knock back foes.
Your icy white scales are hard. (AC +6)
You cannot fit into any form of body armour.
Your flesh is cold resistant. (rC+)
You are cold-blooded and may be slowed by cold attacks.
Your tail ends in a poisonous barb.
You possess an exceptional clarity of mind.
You are somewhat resistant to both further mutation and mutation removal.
You passively map a small area around you.
You frequently scream uncontrollably at your foes.
You sometimes lose the ability to read scrolls when taking damage.


Message History

The wight is lightly damaged.
You closely miss the wight. The wight hits you with a +3 flail.
You block the wight's attack. The wight closely misses you.
The wight misses you. The wight hits you with a +3 scimitar!
The wight hits you but does no damage.
The wight hits you with a +3 battleaxe of freezing.
Number of times to repeat, then command key: You must enter the number of times for the command to repeat.
It was a potion of ambrosia.
You are confused.
You feel invigorated.
Xom roars with laughter!
The wight closely misses you. The wight hits you but does no damage.
The wight hits you with a +3 battleaxe of freezing!
You feel threatened and lose the ability to read scrolls!
You feel drained. The wight freezes you. The wight closely misses you.
You hit the wight but do no damage.
The wight is lightly damaged.
You miss the wight. The wight completely misses you.
You closely miss the wight.
The wight is lightly damaged.
You barely miss the wight. You hit the wight but do no damage.
You feel less invigorated.
You feel less confused. The wight completely misses you.
The wight closely misses you.
The wight hits you with a +3 battleaxe of freezing!
You feel drained. The wight freezes you. The wight barely misses you.
The wight hits you with a +3 scimitar!
* * * LOW HITPOINT WARNING * * *
You feel drained.
* * * LOW HITPOINT WARNING * * *
You feel better. Xom smiles on you.
The wight's +3 flail dances into the air!
The wight hits you with a +3 battleaxe of freezing!
* * * LOW HITPOINT WARNING * * *
You feel drained.
You die... "It's all fun and games until someone loses an eye."

)......... * *
.......... .. ,
.......... .. ,
########### #.
...##.##+###
...........# , *
...........# , ,
.....(.....# ,,
.......z@..# ,
.#+######..zz..#
*
........#......#
........####'####
................#
................#
#
................#
#
########........#
# #........#


You could see 3 wights and a friendly +3 flail.

Vanquished Creatures
  Pikel (D:5)
  A water moccasin (D:5)
  An ogre (D:4)
  An ice beast (D:4)
  A necrophage (D:6)
  A centaur (D:6)
  Blork the orc (D:5)
  A bullfrog (D:6)
  A scorpion (D:5)
  2 water moccasin skeletons (D:6)
  A jelly (D:6)
  2 centaur zombies (D:6)
  An orc priest (D:4)
  A bullfrog skeleton (D:5)
  A hound (D:6)
  An orc wizard (D:3)
  A hound skeleton (D:2)
  4 gnolls (D:5)
  4 adders
  An adder skeleton (D:4)
  A worm (D:5)
  5 orcs
  5 endoplasms
  3 giant cockroaches
  2 goblins
  4 hobgoblins
  4 jackals
  3 kobolds
  A quokka (D:1)
  3 ball pythons
  2 bats (D:1)
  A frilled lizard (D:2)
  A rat (D:3)
63 creatures vanquished.

Vanquished Creatures (collateral kills)
  A scorpion (D:6)
  A howler monkey (D:4)
  A ball python (D:4)
3 creatures vanquished.

Grand Total: 66 creatures vanquished

Notes
Turn   | Place    | Note
-------+----------+-------------------------------------------
     0 | D:1      | Lekart the Draconian Chaos Knight began the quest for the
                  | Orb.
     0 | D:1      | Reached XP level 1. HP: 19/19 MP: 1/1
    14 | D:1      | XOM: silly message
   101 | D:1      | XOM: silly message
   399 | D:1      | Reached XP level 2. HP: 26/26 MP: 2/2
   634 | D:1      | XOM: 1-stop teleportation journey
   642 | D:1      | XOM: god gift: 38 gold pieces
   725 | D:2      | Found Uxalir's Magic Scroll Emporium.
   734 | D:2      | XOM: noise
   804 | D:2      | Reached XP level 3. HP: 28/33 MP: 2/4
   892 | D:2      | Found Viuppoac's Book Shoppe.
  1491 | D:3      | XOM: divination: detect creatures
  1643 | D:3      | XOM: torment (18/33 hp)
  1688 | D:3      | XOM: give mutations
  1688 | D:3      | Gained mutation: You are somewhat resistant to further
                  | mutation. [Xom's grace]
  1688 | D:3      | Gained mutation: You are robust. (+10% HP) [Xom's grace]
  1688 | D:3      | Gained mutation: You are somewhat resistant to both further
                  | mutation and mutation removal. [Xom's grace]
  1688 | D:3      | Gained mutation: Your spells are a little harder to cast,
                  | but a little more powerful. [Xom's grace]
  1728 | D:3      | XOM: give mutations
  1728 | D:3      | Gained mutation: You possess an exceptional clarity of
                  | mind. [Xom's grace]
  1728 | D:3      | Gained mutation: Your mind is acute. (Int +2) [Xom's grace]
  1728 | D:3      | Gained mutation: Your tail ends in a poisonous barb. [Xom's
                  | grace]
  1829 | D:3      | XOM: 1-stop teleportation journey
  2062 | D:3      | XOM: god gift: +2 pair of boots of flying
  2207 | D:3      | Found Irier's Magic Scroll Boutique.
  2216 | D:3      | Bought a scroll of magic mapping for 45 gold pieces
  2216 | D:3      | Bought a scroll of fear for 45 gold pieces
  2216 | D:3      | Bought a scroll of identify for 26 gold pieces
  2539 | D:3      | Reached skill level 1 in Spellcasting
  2687 | D:3      | XOM: noise
  2692 | D:3      | XOM: cloud trail
  2766 | D:4      | XOM: give mutations
  2766 | D:4      | Gained mutation: You occasionally shout uncontrollably at
                  | your foes. [Xom's mischief]
  2766 | D:4      | Gained mutation: You sometimes lose the ability to read
                  | scrolls when taking damage. [Xom's mischief]
  2766 | D:4      | Lost mutation: Your spells are a little harder to cast, but
                  | a little more powerful. [Xom's mischief]
  3021 | D:3      | XOM: noise
  3026 | D:4      | XOM: noise
  3038 | D:3      | Reached XP level 4. HP: 35/44 MP: 5/5
  3093 | D:3      | XOM: stat loss: -1 Str (13/14)
  3104 | D:4      | Reached skill level 1 in Throwing
  3296 | D:4      | Found a basalt altar of Yredelemnul.
  3370 | D:4      | XOM: stat loss: -1 Str (13/14)
  3372 | D:4      | XOM: summons 4 friendly demons
  3390 | D:4      | Noticed an ogre
  3396 | D:4      | Killed an ogre
  3397 | D:4      | Reached XP level 5. HP: 50/50 MP: 6/8
  3426 | D:4      | Noticed an ice beast
  3433 | D:4      | XOM: fog
  3433 | D:4      | XOM: smoke on damage
  3448 | D:4      | XOM: scenery: summon butterflies
  3464 | D:4      | Killed an ice beast
  3465 | D:4      | Reached XP level 6. HP: 26/57 MP: 9/9
  3513 | D:4      | XOM: 3-stop teleportation journey
  3696 | D:4      | XOM is BORED!
  3696 | D:4      | XOM: give mutations
  3696 | D:4      | Gained mutation: You passively map a small area around you.
                  | [Xom's mischief]
  3696 | D:4      | Lost mutation: You are robust. (+10% HP) [Xom's mischief]
  3696 | D:4      | Lost mutation: Your mind is acute. (Int +2) [Xom's
                  | mischief]
  3696 | D:4      | Gained mutation: You frequently scream uncontrollably at
                  | your foes. [Xom's mischief]
  3736 | D:4      | XOM: stat loss: -1 Dex (11/12)
  3778 | D:4      | XOM: summons 4 hostile demons
  4235 | D:4      | XOM: stat loss: -1 Str (13/14)
  4321 | D:5      | Entered Level 5 of the Dungeon
  4338 | D:5      | Found a staircase to the Ecumenical Temple.
  4339 | D:5      | XOM: enchant monster (good)
  4340 | D:5      | Noticed Pikel
  4346 | D:5      | XOM: destruction
  4357 | D:5      | Killed Pikel
  4358 | D:5      | Your scales start taking on an icy white colour.
  4358 | D:5      | Reached XP level 7. HP: 14/60 MP: 9/11
  4358 | D:5      | Gained mutation: Your flesh is cold resistant. (rC+) [White
                  | Draconian growth]
  4588 | Temple   | Entered the Ecumenical Temple
  5086 | D:5      | Reached skill level 5 in Long Blades
  5096 | D:5      | XOM: potion effect (haste)
  5111 | D:5      | HP: 3/60 [water moccasin (8)]
  5147 | D:5      | XOM: god gift: helmet {god gift}
  5279 | D:5      | Noticed Blork the orc
  5282 | D:5      | XOM: enchant monster (good)
  5300 | D:5      | Killed Blork the orc
  6083 | D:6      | XOM: cast spell 'Call Canine Familiar'
  6085 | D:6      | Reached XP level 8. HP: 67/67 MP: 11/13
  6110 | D:6      | XOM: 2-stop teleportation journey
  6118 | D:6      | Reached skill level 1 in Axes
  6295 | D:6      | Reached skill level 5 in Fighting
  6300 | D:6      | XOM: silly message
  6302 | D:6      | XOM: confuse monster(s)
  6415 | D:6      | Reached skill level 1 in Shields
  6499 | D:6      | Reached skill level 5 in Dodging
  6562 | D:6      | HP: 2/58 [wight (12)]
  6562 | D:6      | Slain by a wight

Illustrated notes

Levels and vault maps discovered:
D:1:      psy_arrival_terrarium, layout_loops_corners,
          hellmonk_ecumenical_altar_leap_of_faith
D:2:      layout_loops_cross, serial_shops, shop, shop
D:3:      layout_loops_corners, serial_shops, nicolae_shop_stone
D:4:      layout_loops_ring, nicolae_overflow_crystal_walls,
          chequers_hall_statues_wall_a
D:5:      layout_basic, minmay_temple_entry_waves, uniq_pikel,
          uniq_blork_the_orc
D:6:      layout_gridville
Temple:   kilobyte_greek_temple

Skill      XL: |  1  2  3  4  5  6  7  8 |
---------------+-------------------------+-----
Spellcasting   | 1 2 3 |  3.9
Throwing       | 2 3 |  3.5
Fighting       | 4 5 |  5.1
Long Blades    | 4 5 |  5.4
Dodging        | 3 4 5 |  5.0
Axes           | 2 |  2.9
Shields        | 1 |  1.1
Evocations     | |  0.8

Action                   |  1- 3 |  4- 6 |  7- 9 || total
-------------------------+-------+-------+-------++-------
Melee: Falchion          |    47 |    69 |    40 ||   156
       Tailslap          |     8 |     9 |    15 ||    32
       War axe           |       |       |    95 ||    95
Throw: Stone             |    87 |    39 |    33 ||   159
 Abil: Breathe Frost     |       |       |     3 ||     3
Evoke: Wand              |       |     2 |     4 ||     6
  Use: Scroll            |     5 |       |     4 ||     9
       Potion            |       |       |     4 ||     4
 Stab: Sleeping          |     1 |       |       ||     1
       Petrified         |       |       |    10 ||    10
       Petrifying        |       |       |     2 ||     2
Armor: Skin              |    33 |    74 |    70 ||   177
Dodge: Dodged            |    82 |    83 |   113 ||   278
Block: Buckler           |       |       |    31 ||    31
       Rpst.: Falchion   |    27 |    17 |     6 ||    50

Table legend: (Time is in decaauts)
 A = Elapsed time spent in this place.
 B = Non-inter-level travel time spent in this place.
 C = Inter-level travel time spent in this place.
 D = Time resting spent in this place.
 E = Time spent auto-exploring this place.
 F = Levels seen in this place.
 G = Mean time per level.
                   A        B        C        D        E       F      G
               +--------+--------+--------+--------+--------+-----+--------+
         Total |   6618 |   6308 |    310 |   1089 |   4370 |   7 |  945.4 |
       Dungeon |   6280 |   6021 |    259 |   1089 |   4084 |   6 | 1046.7 |
        Temple |    337 |    286 |     51 |      0 |    286 |   1 |  337.0 |
               +--------+--------+--------+--------+--------+-----+--------+

Top non-repeatable levels by time:
     D:3: 1555 daAuts
     D:5: 1414 daAuts
     D:4: 1314 daAuts
     D:2: 752 daAuts
     D:1: 725 daAuts
     D:6: 518 daAuts
  Temple: 337 daAuts
